Map: Central Protocol

Players

lesha

  • Race: Terran Terran
  • League: Silver

cuztoune - Winner!

  • Race: Terran Terran
  • League: Gold

VOD

Have the link to the VOD?

Description

Time

  • Played on: Jan. 1, 2016, 9:10 a.m.
  • Length: 5:13
Show
View Real Time Build Order
Export as new Build Order

lesha Terran 

Build Orders: Reaper Expand 

Get SALT Encoding   

  12  0:02  SCV  
  13  0:14  SCV  
  13  0:19  Supply Depot  
  14  0:26  SCV  
  15  0:41  SCV  
  16  0:46  Barracks  
  16  0:52  Refinery  
  16  0:53  SCV  
  17  1:06  SCV  
  18  1:18  SCV  
  19  1:32  Orbital Command  
  19  1:36  Reaper  
  20  1:46  Command Center  
  20  2:00  SCV  
  21  2:04  Supply Depot  
  21  2:14  SCV  
  22  2:26  SCV  
  22  2:42  Factory  
  22  2:43  Barracks  
  22  2:45  SCV  
  22  2:48  Barracks Reactor, Refinery  
  23  2:57  SCV  
  24  3:02  Orbital Command  
  24  3:09  SCV  
  24  3:12  Barracks  
  25  3:21  SCV  
  26  3:28  Supply Depot, Factory Reactor  
  26  3:30  Supply Depot  
  26  3:31  Barracks Tech Lab  
  26  3:33  SCV, Marine x2  
  29  3:42  SCV  
  29  3:43  Starport  
  29  3:45  SCV  
  31  3:55  SCV  
  32  4:06  SCV  
  32  4:07  SCV  
  34  4:10  Marine x2  
  34  4:12  Barracks Reactor  
  36  4:18  SCV  
  36  4:19  SCV, Marine  
  39  4:29  Barracks  
  39  4:31  Barracks  
  36  4:44  Factory Tech Lab  
  36  4:45  Starport Reactor  
Show
View Real Time Build Order
Export as new Build Order

cuztoune Terran - Winner!

Build Orders: Liberator Opening 

Get SALT Encoding   

  12  0:02  SCV  
  13  0:19  Supply Depot  
  13  0:20  SCV  
  14  0:32  SCV  
  15  0:42  Barracks  
  15  0:44  SCV  
  15  0:49  Refinery  
  16  0:56  SCV  
  17  1:00  Refinery  
  17  1:08  SCV  
  18  1:20  SCV  
  19  1:29  Barracks Reactor  
  19  1:33  Supply Depot  
  19  1:37  Orbital Command  
  19  1:52  Factory  
  19  2:04  SCV  
  19  2:05  Marine x2  
  22  2:23  Marine x2  
  24  2:36  Factory Tech Lab  
  24  2:38  SCV  
  24  2:40  Starport  
  25  2:45  Marine x2  
  25  2:50  SCV  
  28  2:56  Siege Tank  
  31  3:02  Liberator  
  31  3:10  Marine x2  
  33  3:13  SCV  
  37  3:27  Marine  
  38  3:34  Marine  
  39  3:49  SCV, Marine  
  39  3:50  Supply Depot  
  39  3:52  Marine  
  42  4:02  Medivac  
  44  4:07  SCV, Marine  
  44  4:09  Marine  
  46  4:12  Siege Tank  
  46  4:16  Supply Depot  
  50  4:36  Marine x2  
  52  4:40  Medivac  
  54  5:06  Command Center  
Tags
 
Add a new tag
Caveats
  • Supply blocks, unpowered buildings, or Contaminate may cause inaccurate times.
  • Supply counts are checked every 10 seconds.